Map: Tours du crépuscule

Players

Rahck - Winner!

  • Race: Zerg Zerg
  • Spawn Location: 1:00

zidar

  • Race: Zerg Zerg
  • League: Silver
  • Spawn Location: 7:00

VOD

Have the link to the VOD?

Description

Time

  • Played on: Nov. 17, 2015, 3:27 p.m.
  • Length: 10:54
Show
View Real Time Build Order
Export as new Build Order

Rahck Zerg - Winner!

Build Orders: Hatch First 

Get SALT Encoding   

  12  0:01  Drone  
  13  0:08  Drone  
  14  0:17  Overlord  
  14  0:28  Extractor, Drone  
  15  0:36  Drone x2  
  17  0:56  Drone  
  18  0:59  Hatchery, Drone  
  18  1:06  Overlord  
  18  1:19  Spawning Pool  
  18  1:24  Extractor  
  18  1:25  Drone  
  17  1:59  Drone x3  
  20  2:06  Queen  
  22  2:11  Queen  
  22  2:12  Zergling x4  
  26  2:31  Drone x2  
  26  2:36  Metabolic Boost  
  28  2:40  Drone x2  
  30  2:57  Queen  
  32  2:59  Drone x3  
  32  3:00  Drone  
  36  3:20  Baneling Nest  
  36  3:23  Drone  
  36  3:24  Overlord x3  
  36  3:25  Spine Crawler  
  33  3:35  Zergling x6  
  33  3:36  Overlord x2  
  36  3:46  Zergling x6  
  32  4:09  Queen  
  32  4:10  Queen  
  32  4:12  Zergling x2  
  32  4:13  Zergling x10  
  38  4:20  Baneling  
  38  4:24  Baneling x2  
  34  4:40  Zergling x10  
  34  4:42  Baneling x3  
  34  4:45  Queen  
  41  4:55  Drone x2  
  42  5:10  Drone  
  42  5:11  Drone x2  
  45  5:17  Spine Crawler  
  44  5:24  Baneling x2  
  40  5:55  Drone  
  40  5:56  Extractor, Drone x7  
  47  5:57  Roach Warren  
  44  6:06  Zergling x2  
  45  6:13  Hatchery  
  45  6:17  Extractor  
  43  6:18  Extractor  
  43  6:20  Drone x4  
  46  6:41  Spine Crawler, Drone x2  
  46  6:42  Drone x7  
  46  6:43  Spine Crawler x2  
  52  6:50  Lair  
  52  6:53  Roach x2  
  56  7:07  Roach  
  56  7:08  Roach x3  
  64  7:16  Evolution Chamber  
  64  7:19  Evolution Chamber  
  61  7:27  Drone x7  
  61  7:28  Queen, Drone x2  
  72  7:45  Overlord x5  
  72  7:47  Zerg Missile Weapons Level 1, Zerg Ground Armor Level 1  
  72  7:49  Glial Reconstitution  
  72  7:55  Drone  
  72  7:56  Overlord x2, Infestation Pit  
  72  7:58  Extractor  
  71  8:07  Ravager x2  
  71  8:10  Hatchery  
  76  8:12  Roach  
  76  8:13  Roach x7  
  85  8:43  Roach x6  
  97  8:49  Roach x5  
  107  9:06  Queen  
  109  9:19  Overseer  
  109  9:20  Overseer  
  109  9:25  Drone x3  
  109  9:26  Drone x2  
  109  9:30  Hydralisk Den  
  113  9:37  Drone x4  
  113  9:38  Drone x7  
  123  9:39  Overlord x2, Drone x2  
  126  10:10  Extractor x2  
Show
View Real Time Build Order
Export as new Build Order

zidar Zerg 

Build Orders: Hatch First 

Get SALT Encoding   

  12  0:02  Drone  
  13  0:07  Drone  
  14  0:17  Overlord  
  14  0:21  Extractor  
  14  0:23  Drone  
  15  0:38  Drone x2  
  17  1:02  Extractor, Hatchery, Drone  
  16  1:04  Drone  
  17  1:20  Spawning Pool  
  16  1:27  Drone x2  
  17  1:41  Overlord  
  17  1:43  Drone  
  18  1:53  Drone  
  19  2:06  Queen  
  22  2:08  Drone  
  22  2:09  Metabolic Boost  
  22  2:21  Queen  
  24  2:35  Zergling x2  
  24  2:36  Zergling x8  
  29  3:01  Zergling x2  
  29  3:02  Zergling x8  
  34  3:08  Overlord  
  34  3:27  Zergling x10  
  38  3:46  Zergling x10  
  40  4:05  Zergling x4  
  35  4:23  Zergling x16  
  37  4:44  Zergling x8  
  38  4:48  Lair  
  38  4:56  Roach Warren  
  35  5:19  Spine Crawler  
  27  6:07  Roach  
  27  6:08  Roach x3  
  27  6:11  Overlord x3  
  35  6:20  Drone  
  36  6:29  Drone x10  
  46  6:53  Spire  
  45  7:02  Roach  
  45  7:03  Roach x6  
  59  7:09  Glial Reconstitution  
  54  7:35  Extractor  
  53  7:40  Extractor  
  53  7:42  Extractor  
  51  7:53  Drone  
  51  7:54  Drone x6  
  58  8:11  Overlord  
  58  8:12  Overlord x2  
  56  8:33  Mutalisk x6  
  66  8:57  Hatchery  
  65  9:06  Mutalisk  
  65  9:07  Mutalisk x2  
  71  9:21  Mutalisk x2  
  75  9:27  Mutalisk  
  77  9:47  Overlord x2  
  77  9:48  Overlord  
  77  10:06  Mutalisk x2  
  77  10:07  Mutalisk  
Tags
 
Add a new tag
Caveats
  • Supply blocks, unpowered buildings, or Contaminate may cause inaccurate times.
  • Supply counts are checked every 10 seconds.